 Dungeon Crawl Stone Soup version 0.30.0-11-gf55b779eaf (webtiles) character file.

Game seed: 336928133510643762

49966 browni3141 the Bringer of Life (level 14, -1/103 HPs)
             Began as a Djinni Fighter on May 16, 2023.
             Was the Champion of Elyvilon.
             Slain by a death yak (25 damage)
             ... on level 5 of the Lair of Beasts.
             The game lasted 00:44:53 (25401 turns).

browni3141 the Bringer of Life (Djinni Fighter)    Turns: 25401, Time: 00:44:54

Health: -1/103     AC: 10    Str: 18    XL:     14   Next: 94%
Gold:   908        EV: 15    Int:  9    God:    Elyvilon [******] SH:  0 Dex: 19

rFire   + + +        b - +8 longbow (flame)
rCold   + + .        (shield currently unavailable)
rNeg    . . .        L - +1 ring mail "Jyep" {rF+ Str+3}
rPois   ∞            A - +0 hat {Will+}
rElec   .            e - +0 cloak {rC+}
rCorr   .            n - +2 pair of gloves
SInv    .            (boots unavailable)
Will    ++...        (no amulet)
Stlth   +            f - ring of protection from cold
HPRegen 0.37/turn    I - ring of protection from cold
MPRegen 0.00/turn

%: infuse magic (-2 HP)
@: flying
A: sickness immunity, fire resistance 2, cold vulnerability 1, float, innate
caster, HP casting, extra vitality 1
a: Renounce Religion, Purification, Heal Other, Heal Self, Divine Vigour


You were on level 5 of the Lair of Beasts.
You worshipped Elyvilon.
Elyvilon was exalted by your worship.
You visited 2 branches of the dungeon, and saw 17 of its levels.
You also visited: Ossuary, Bailey and Ice Cave.

You collected 908 gold pieces.

Inventory:

Hand Weapons
 a - a +4 scimitar of freezing
 b - a +8 longbow of flaming (weapon)
 h - the +3 sling "Ulasuag" {flame, Fly Int+6}
   (You found it on level 2 of the Dungeon)

   Int:       It affects your intelligence (+6).
   Fly:       It grants you flight.
 v - a +1 hand crossbow of freezing
Missiles
 J - 3 curare-tipped darts
 Z - a throwing net
Armour
 e - a +0 cloak of cold resistance (worn)
 n - a +2 pair of gloves (worn)
 A - a +0 hat of willpower (worn)
 L - the +1 ring mail "Jyep" (worn) {rF+ Str+3}
   (You found it on level 5 of the Lair of Beasts)

   Str:       It affects your strength (+3).
   rF:        It protects you from fire.
Jewellery
 d - a +6 ring of intelligence
 f - a ring of protection from cold (left hand)
 k - a ring of willpower
 z - a ring of resist corrosion
 D - a +4 ring of protection
 E - a ring of protection from fire
 I - a ring of protection from cold (right hand)
 T - a ring of protection from fire
Wands
 j - a wand of roots (15)
 p - a wand of polymorph (4)
 y - a wand of mindburst (14)
 K - a wand of digging (7)
 P - a wand of paralysis (7)
 V - a wand of flame (18)
Scrolls
 i - 6 scrolls of fear
 l - 3 scrolls of vulnerability
 q - 2 scrolls of blinking
 r - a scroll of identify
 t - 2 scrolls of brand weapon
 w - 2 scrolls of amnesia
 x - 5 scrolls of teleportation
 F - 3 scrolls of fog
 N - 9 scrolls of noise
 Q - 2 scrolls of enchant armour
 R - a scroll of summoning
 S - 3 scrolls of poison
 X - 6 scrolls of immolation
Potions
 c - 2 potions of haste {unknown}
 g - a potion of berserk rage
 m - 5 potions of degeneration {unknown}
 o - 3 potions of brilliance {unknown}
 s - 4 potions of cancellation {unknown}
 u - 5 potions of resistance
 C - 3 potions of invisibility {unknown}
 G - 11 potions of curing {unknown}
 H - 2 potions of heal wounds
 M - 3 potions of might
 O - 3 potions of flight {unknown}
 U - 3 potions of lignification {unknown}
 W - 8 potions of mutation {unknown}
 Y - a potion of magic {unknown}
Miscellaneous
 B - a piece from Xom's chessboard (15/15)


   Skills:
 + Level 10.7 Fighting
 - Level 8.0 Long Blades
 * Level 13.2 Ranged Weapons
 - Level 3.0 Armour
 * Level 7.1 Dodging
 - Level 3.0 Shields
 * Level 13.2 Invocations


You knew the following spells:

 Your Spells              Type           Power      Damage    Failure   Level
a - Magic Dart            Conj           0%         1d3       56%         1
b - Olgreb's Toxic Radia  Pois           0%         N/A       100%        4
c - Freezing Cloud        Conj/Ice/Air   0%         6-21      100%        5
d - Static Discharge      Conj/Air       0%         2-2/arc   71%         2
g - Gell's Gravitas       Tloc           0%         N/A       91%         3
x - Call Imp              Summ           0%         N/A       71%         2
Your spell library was empty.

Dungeon Overview and Level Annotations

Branches:
Dungeon (12/15)            Temple (0/1) D:6            Lair (5/5) D:9
  Swamp (0/4) Lair:3        Snake (0/4) Lair:3        Slime (0/5) Lair:5
    Orc (0/2) D:12        Ossuary (visited)          Bailey (visited)
  IceCv (visited)

Altars:
Elyvilon
Gozag
Ru
Trog
Uskayaw
Xom
Zin
The Shining One
Jiyva

Shops:
D:2 (   D:8 !   D:9 [

Annotations:
D:11 1 runed translucent door, exclusion: door, Farfigtubin's ghost, journeyman FoFi
Lair:3 3 runed translucent doors, exclusion: 3 doors, Huasawuy's ghost, journeyman TrHW


Innate Abilities, Weirdness & Mutations

You are immune to sickness and miasma.
You are immune to poison.
Your flesh is very heat resistant. (rF++)
You are vulnerable to cold. (rC-)
You float through the air rather than walking.
You learn spells naturally, not from books.
Your magical power is your life essence.
You have superior vitality. (+4 MHP)


Message History

* * * LOW HITPOINT WARNING * * *
The death yak is engulfed in poison gas.
The death yak is poisoned.
The death yak is engulfed in poison gas.
The death yak is poisoned.
The death yak snorts and paws the ground.
The yak is engulfed in poison gas.
The yak is poisoned.
The death yak is engulfed in poison gas.
The death yak looks even sicker.
The yak is engulfed in poison gas.
The yak looks even sicker.
The yak is engulfed in poison gas.
The yak is poisoned.
The death yak is engulfed in poison gas.
The death yak looks even sicker.
The yak is engulfed in poison gas.
The yak looks even sicker.
The death yak is engulfed in poison gas.
The death yak looks as sick as possible!
The death yak is engulfed in poison gas.
The death yak is poisoned.
The yak is engulfed in poison gas.
The yak looks even sicker.
The death yak is engulfed in poison gas.
The death yak looks as sick as possible!
The death yak is engulfed in poison gas.
The death yak looks even sicker.
The death yak is engulfed in poison gas.
The death yak looks even sicker.
The yak is engulfed in poison gas.
The yak looks as sick as possible!
The death yak looks as sick as possible!
The death yak is engulfed in poison gas.
The death yak looks even sicker.
The death yak is engulfed in poison gas.
The death yak looks even sicker.
The yak is engulfed in poison gas.
The yak looks as sick as possible!
You kill the yak!
The death yak is engulfed in poison gas.
The death yak looks as sick as possible! x2
Your Dodging skill increases to level 7!
The death yak is engulfed in poison gas.
The death yak looks as sick as possible!
The death yak is engulfed in poison gas.
The death yak looks as sick as possible!
The death yak is engulfed in poison gas.
The death yak looks as sick as possible!
The death yak is engulfed in poison gas.
The death yak looks as sick as possible!
The death yak is engulfed in poison gas.
The death yak looks as sick as possible!
The death yak is engulfed in poison gas.
The death yak looks as sick as possible!
The death yak is engulfed in poison gas.
The death yak looks as sick as possible! x2
The death yak is engulfed in poison gas.
The death yak looks as sick as possible!
The death yak is engulfed in poison gas.
The death yak looks as sick as possible!
The death yak is engulfed in poison gas.
The death yak looks as sick as possible! x2
The death yak is engulfed in poison gas.
The death yak looks as sick as possible!
The death yak is engulfed in poison gas.
The death yak looks as sick as possible!
The death yak looks as sick as possible!
The death yak is engulfed in poison gas.
The death yak looks as sick as possible!
You kill the death yak!
Fire: b) +8 longbow (flame)
Press: ? - help, Q - select action, (/) - cycle Shift-Dir - straight line, f - death yak, p - death yak
Aim: a death yak (heavily wounded, very poisoned, 86% to hit)
You shoot an arrow.
The arrow hits the death yak but does no damage.
The death yak is heavily wounded.
Fire: b) +8 longbow (flame)
Press: ? - help, Q - select action, (/) - cycle Shift-Dir - straight line, f/p - death yak
Aim: a death yak (heavily wounded, very poisoned, 86% to hit)
You shoot an arrow.
The arrow hits the death yak but does no damage.
The death yak is heavily wounded.
Fire: b) +8 longbow (flame)
Press: ? - help, Q - select action, (/) - cycle Shift-Dir - straight line, f/p - death yak
Aim: a death yak (heavily wounded, very poisoned, 86% to hit)
You shoot an arrow. The arrow hits the death yak.
The arrow burns the death yak.
You kill the death yak!
Fire: b) +8 longbow (flame)
Press: ? - help, Q - select action, (/) - cycle Shift-Dir - straight line, f/p - death yak
Aim: a death yak (heavily wounded, very poisoned, 86% to hit)
You shoot an arrow. The arrow hits the death yak!
The arrow burns the death yak.
The death yak is severely wounded.
The death yak gores you!!
* * * LOW HITPOINT WARNING * * *
Okay, then.
You are healed.
The death yak gores you but does no damage.
Aiming: Dig
Press: ? - help, Shift-Dir - straight line, p - death yak A rock wall.
The rock shatters into small pieces.
The death yak gores you.
* * * LOW HITPOINT WARNING * * *
The death yak attacks as you move away! The death yak gores you!!
You die...

.................###
...................##
............Y.......#
..............##
..........Y...#
...P....##.Y.##
..P.... ##..# .......
#Y.# ....... #@##
..... #.## #.# ..#
#.# #.# #.# ##


You could see 2 death yaks and a yak.

Vanquished Creatures
  Gastronok (D:8)
  A reaper (IceCv)
  A ghost crab (Lair:3)
  3 hydras
  A catoblepas (Lair:5)
  2 two-headed ogres
  2 death yaks (Lair:5)
  Sonja (Lair:4)
  Urug (Lair:2)
  2 skysharks
  A spectral boulder beetle (Lair:3)
  A deep elf pyromancer (D:12)
  2 oklob plants
  An ugly thing (D:12)
  A manticore (D:11)
  Joseph (D:7)
  4 elephants (Lair:4)
  Maurice (D:8)
  6 black mambas
  13 cane toads
  A gargoyle (D:11)
  2 ice statues (IceCv)
  Maggie (D:7)
  2 rime drakes
  5 ice devils (IceCv)
  3 komodo dragons (Lair:3)
  3 trolls
  2 hornets
  6 polar bears
  Prince Ribbit (D:8)
  A spectral dream sheep (Lair:3)
  A spectral elephant (Lair:3)
  A dream sheep (D:12)
  4 blink frogs (Lair:1)
  3 centaur simulacra (D:10)
  4 slime creatures
  A dire elephant simulacrum (IceCv)
  A wyvern (D:9)
  38 yaks
  3 shadows
  4 basilisks
  8 vampire mosquitoes (D:11)
  18 water moccasins
  A harpy simulacrum (IceCv)
  An acid dragon (D:10)
  Menkaure (D:5)
  A hydra simulacrum (IceCv)
  A spectral polar bear (Lair:3)
  A hornet zombie (Ossuary)
  5 ice beasts
  13 orc warriors
  A sky beast (D:6)
  A black bear (D:4)
  An ogre (D:5)
  17 centaurs
  22 wolves
  A kobold brigand (D:11)
  5 bullfrogs
  3 two-headed ogre simulacra (IceCv)
  2 scorpions
  3 water moccasin zombies (Ossuary)
  17 wights
  An elephant simulacrum (IceCv)
  11 killer bees
  5 howler monkeys
  3 electric eels (D:9)
  6 centaur zombies (Ossuary)
  6 orc priests
  9 hounds
  2 gnoll boudas
  2 jellies (D:5)
  Crazy Yiuf (D:7)
  6 bullfrog zombies (Ossuary)
  Ijyb (D:5)
  An iguana (D:5)
  6 orc wizards
  2 spriggan simulacra (IceCv)
  6 hell rats (Lair:5)
  2 polar bear simulacra (IceCv)
  3 troll simulacra (IceCv)
  A killer bee zombie (Ossuary)
  2 wolf simulacra (IceCv)
  14 mummies
  5 howler monkey zombies (Ossuary)
  18 gnolls
  13 adders
  10 river rats (D:9)
  A shadow imp (D:7)
  13 white imps
  A howler monkey simulacrum (D:10)
  3 ufetubi
  A worm (D:2)
  5 dart slugs
  53 orcs
  4 bats
  9 endoplasms
  3 giant cockroaches
  5 goblins
  5 hobgoblins
  7 jackals (D:1)
  3 quokkas
  7 ball pythons
  2 frilled lizards
  11 kobolds
  A kobold zombie (D:6)
  An orc zombie (D:6)
  18 rats
545 creatures vanquished.

Vanquished Creatures (others)
  6 orcs
6 creatures vanquished.

Grand Total: 551 creatures vanquished

Notes
Turn   | Place    | Note
-------+----------+-------------------------------------------
     0 | D:1      | browni3141 the Djinni Fighter began the quest for the Orb.
     0 | D:1      | Reached XP level 1. HP: 20/20 MP: 0/0
    83 | D:1      | Reached XP level 2. HP: 25/25 MP: 0/0
   201 | D:1      | Reached XP level 3. HP: 30/30 MP: 0/0
   201 | D:1      | Learned a level 1 spell: Magic Dart
   206 | D:1      | Reached skill level 3 in Long Blades
   756 | D:2      | Reached XP level 4. HP: 35/35 MP: 0/0
   785 | D:2      | Found Hawusch's Weapon Emporium.
   888 | D:2      | Identified the +3 sling "Ulasuag" {flame, Fly Int+6}
   989 | D:2      | Reached XP level 5. HP: 40/40 MP: 0/0
   989 | D:2      | Learned a level 2 spell: Call Imp
  2178 | D:4      | Reached XP level 6. HP: 44/46 MP: 0/0
  2446 | D:4      | Identified the +4 plate armour "Cusoixof" {rPois MP+9}
  2812 | D:5      | Entered Level 5 of the Dungeon
  2812 | D:5      | Noticed an ice beast
  2830 | D:5      | Killed an ice beast
  2831 | D:5      | Reached skill level 3 in Ranged Weapons
  2831 | D:5      | Reached XP level 7. HP: 18/50 MP: 0/0
  2831 | D:5      | Learned a level 2 spell: Static Discharge
  2955 | D:5      | Noticed Ijyb
  3033 | D:5      | Killed Ijyb
  3089 | D:5      | Found a white marble altar of Elyvilon.
  3109 | D:5      | Became a worshipper of Elyvilon the Healer
  3171 | D:5      | Noticed a water moccasin
  3179 | D:5      | Reached skill level 6 in Long Blades
  3195 | D:5      | Killed a water moccasin
  3196 | D:5      | Reached XP level 8. HP: 12/56 MP: 0/0
  3413 | D:5      | Noticed Menkaure
  3420 | D:5      | Killed Menkaure
  4230 | D:6      | Found a sand-covered staircase.
  4254 | Ossuary  | Entered an ossuary
  4267 | Ossuary  | Reached * piety under Elyvilon
  4299 | Ossuary  | Reached XP level 9. HP: 31/61 MP: 0/0
  4299 | Ossuary  | Learned a level 3 spell: Gell's Gravitas
  4505 | Ossuary  | Reached skill level 6 in Ranged Weapons
  4954 | D:6      | Found a staircase to the Ecumenical Temple.
  5072 | D:6      | Found a glowing silver altar of Zin.
  5072 | D:6      | Found a bloodstained altar of Trog.
  5085 | D:6      | Found a sacrificial altar of Ru.
  5086 | D:6      | Found a shimmering altar of Xom.
  5415 | D:6      | Noticed a troll
  5452 | D:6      | Killed a troll
  5731 | D:6      | Reached ** piety under Elyvilon
  5787 | D:6      | Found a glowing golden altar of the Shining One.
  5790 | D:6      | Found a hide-covered altar of Uskayaw.
  5795 | D:6      | Found an opulent altar of Gozag.
  6039 | D:7      | Reached XP level 10. HP: 41/70 MP: 0/0
  6057 | D:7      | HP: 3/70 [wight/+2 falchion (4)]
  6913 | D:7      | Reached skill level 3 in Invocations
  7469 | D:7      | Noticed Maggie
  7474 | D:7      | Reached skill level 6 in Fighting
  7501 | D:7      | HP: 1/72 [Maggie/+1 glaive of draining (4)]
  7502 | D:7      | Killed Maggie
  7713 | D:7      | HP: 2/72 [yak (4)]
  8420 | D:7      | Noticed Joseph
  8646 | D:7      | Killed Joseph
  8841 | D:7      | Found a runed translucent door.
  8842 | D:7      | Noticed Crazy Yiuf
  9000 | D:7      | Killed Crazy Yiuf
  9230 | D:8      | Noticed Gastronok
  9641 | D:8      | Reached XP level 11. HP: 69/78 MP: 0/0
  9641 | D:8      | Learned a level 4 spell: Olgreb's Toxic Radiance
  9727 | D:8      | Killed Gastronok
  9728 | D:8      | Reached skill level 9 in Ranged Weapons
  9728 | D:8      | Reached skill level 6 in Invocations
  9925 | D:8      | Found Vaaluiru's Distillery.
  9932 | D:8      | Noticed Prince Ribbit
  9940 | D:8      | Killed Prince Ribbit
  9989 | D:8      | Noticed Maurice
 10010 | D:8      | Killed Maurice
 10489 | D:8      | Reached *** piety under Elyvilon
 10767 | D:9      | Found a staircase to the Lair.
 11083 | D:9      | Found Aroeb's Antique Armour Emporium.
 11110 | D:9      | Found a flagged portal.
 11126 | Bailey   | Entered a bailey
 12273 | Bailey   | Found the +8 Wrath of Trog {antimagic, *Rage Rampage}
 12627 | Bailey   | Reached XP level 12. HP: 86/86 MP: 0/0
 13338 | D:10     | Entered Level 10 of the Dungeon
 13420 | D:10     | Noticed a two-headed ogre
 13483 | D:9      | Killed a two-headed ogre
 14205 | D:11     | Reached skill level 9 in Invocations
 14513 | D:11     | Found a runed translucent door.
 14522 | D:11     | Reached **** piety under Elyvilon
 15102 | D:11     | Noticed a two-headed ogre
 16867 | D:11     | Killed a two-headed ogre
 17015 | D:11     | Noticed Farfigtubin's ghost (journeyman FoFi)
 17120 | D:12     | Noticed a boulder beetle
 17138 | D:12     | Pacified a boulder beetle
 17337 | D:12     | HP: 4/88 [komodo dragon (7)]
 17338 | D:12     | Elyvilon protects you from harm!
 17651 | D:12     | Found a staircase to the Orcish Mines.
 18022 | D:12     | Reached skill level 9 in Fighting
 18022 | D:12     | Reached XP level 13. HP: 67/94 MP: 0/0
 18022 | D:12     | Learned a level 5 spell: Freezing Cloud
 18691 | D:12     | Noticed Nessos
 18693 | D:12     | Nessos changed into Nessos the dream sheep
 18693 | D:12     | Noticed Nessos
 18695 | D:12     | Killed Nessos the dream sheep
 18950 | Lair:1   | Entered Level 1 of the Lair of Beasts
 20214 | Lair:1   | Reached skill level 12 in Ranged Weapons
 20236 | Lair:1   | Reached ***** piety under Elyvilon
 20649 | Lair:2   | Noticed Urug
 20654 | Lair:2   | Killed Urug
 21205 | Lair:3   | Found a staircase to the Snake Pit.
 21462 | Lair:3   | Reached skill level 3 in Dodging
 21589 | Lair:3   | Found a staircase to the Swamp.
 21589 | Lair:3   | Noticed a ghost crab
 21594 | Lair:3   | Killed a ghost crab
 21595 | Lair:3   | Reached skill level 12 in Invocations
 21681 | Lair:3   | Reached XP level 14. HP: 103/103 MP: 0/0
 21730 | Lair:3   | Noticed Huasawuy's ghost (journeyman TrHW)
 21731 | Lair:3   | Noticed a minotaur
 21735 | Lair:3   | Identified the +7 broad axe of Podda {drain, +Blink Int+3
                  | SInv Stlth-}
 21876 | Lair:3   | Found a runed translucent gate.
 21876 | Lair:3   | Found a runed translucent gate.
 21876 | Lair:3   | Found a runed translucent gate.
 22606 | Lair:4   | Noticed Sonja
 22615 | Lair:4   | Killed Sonja
 22738 | Lair:4   | Reached ****** piety under Elyvilon
 23381 | Lair:5   | Entered Level 5 of the Lair of Beasts
 23381 | Lair:5   | Found a frozen archway.
 23655 | Lair:4   | Reached skill level 6 in Dodging
 23721 | IceCv    | Entered an ice cave
 24124 | IceCv    | Noticed a reaper
 24132 | IceCv    | HP: 1/103 [reaper/+2 scythe of freezing (31)]
 24132 | IceCv    | Elyvilon protects you from harm!
 24134 | IceCv    | Killed a reaper
 25033 | Lair:5   | Found a viscous altar of Jiyva.
 25033 | Lair:5   | Found a staircase to the Slime Pits.
 25224 | Lair:5   | Identified the +1 ring mail "Jyep" {rF+ Str+3}
 25401 | Lair:5   | Slain by a death yak

Illustrated notes

Levels and vault maps discovered:
D:1:      minmay_arrival_glassed_features, layout_basic, minmay_tromino_i2
D:2:      layout_loops_ring, serial_shops, shop
D:3:      layout_loops_ring
D:4:      layout_basic, serial_bayou_lake_a
D:5:      layout_loops_ring, nicolae_elyvilon_temple_path, uniq_menkaure,
          uniq_ijyb
D:6:      layout_loops_corners, nicolae_overflow_hallway_of_the_gods,
          minmay_temple_entry_fiery, nicolae_ossuary_entry_giza
D:7:      layout_loops_corners, hellmonk_bongcloud_opening,
          uniq_crazy_yiuf_cottage, uniq_maggie, uniq_joseph
D:8:      layout_basic, serial_shops, shop, uniq_prince_ribbit1, uniq_maurice,
          uniq_gastronok
D:9:      layout_rooms, erik_lair_island, enter_bailey_2, serial_shops, shop,
          dk_rats_in_the_wall
D:10:     layout_roguey, mainiacjoe_overflow_alcove_4, serial_ice, serial_ice_d,
          serial_ice_c, serial_ice_b, serial_ice_f, serial_ice_e, serial_ice_n,
          serial_ice_a, serial_ice_o, serial_ice_i, serial_ice_g,
          chequers_serial_rivers_small_a
D:11:     layout_stronghold, ebering_ghost_reflecting_pool,
          kennysheep_generic_room_2
D:12:     layout_loops_cross, hiddenorc1_lemuel, uniq_nessos
Lair:1:   layout_cave_pods, minivault_24
Lair:2:   layout_chaotic_city, infiniplex_staircase_pool_2, uniq_urug
Lair:3:   layout_roguey, nicolae_swamp_entry_spooky,
          minmay_snake_entry_six_corridors, maelrawn_ghost_gauntlet_escape
Lair:4:   layout_regular_city, uniq_sonja
Lair:5:   evilmike_catoblepas_cave, layout_cave_shapes,
          minmay_slime_entry_oklob_open, portal_ice_cave_entry_pillars_1

Skill      XL: |  1  2  3  4  5  6  7  8  9 10 11 12 13 14 |
---------------+-------------------------------------------+-----
Long Blades    | 2 3 4 5 6 7 8 |  8.0
Ranged Weapons | 1 2 3 4 5 7 8 10 11 12 13 | 13.2
Fighting       | 5 6 7 9 10 | 10.7
Invocations    | 1 5 8 10 12 13 | 13.2
Dodging        | 3 7 |  7.1
Armour         | |  3.0
Shields        | |  3.0

Action                     |  1- 3 |  4- 6 |  7- 9 | 10-12 | 13-15 || total
---------------------------+-------+-------+-------+-------+-------++-------
  Melee: Long sword        |    79 |    63 |   142 |     8 |       ||   292
         Scimitar          |       |       |       |   163 |       ||   163
         Falchion          |       |       |       |    44 |       ||    44
   Fire: Sling             |       |   106 |   245 |  1125 |    56 ||  1532
         Longbow           |       |       |       |       |   648 ||   648
 Invoke: Heal Other        |       |       |       |     7 |     3 ||    10
         Heal Self         |       |       |       |     3 |     1 ||     4
  Evoke: Wand              |       |       |     8 |    27 |     2 ||    37
         Piece from Xom's  |       |       |       |     5 |       ||     5
    Use: Potion            |       |       |     2 |     6 |       ||     8
         Scroll            |       |       |     5 |    10 |    11 ||    26
   Stab: Paralysed         |       |       |     6 |       |       ||     6
 Armour: Scale mail        |    45 |    57 |   195 |    87 |       ||   384
         Ring mail         |       |       |       |   321 |   187 ||   508
  Dodge: Dodged            |    43 |    65 |   143 |   378 |   222 ||   851
  Block: Buckler           |    21 |    23 |   100 |   239 |     3 ||   386
